Map: Neon Violet Square LE

Players

fruitcake - Winner!

  • Race: Zerg Zerg
  • Spawn Location: 5:00

SAAGAFI

  • Race: Terran Terran
  • League: Silver
  • Spawn Location: 11:00

VOD

Have the link to the VOD?

Description

Time

  • Played on: May 8, 2018, 4:07 p.m.
  • Length: 22:39
Show
View Real Time Build Order
Export as new Build Order

fruitcake Zerg - Winner!

Build Orders: Pool First, Swarm Host 

Get SALT Encoding   

  12  0:00  Drone  
  13  0:08  Drone  
  14  0:16  Drone, Extractor  
  14  0:25  Overlord  
  14  0:42  Spawning Pool  
  13  0:44  Drone  
  13  0:48  Drone  
  15  0:52  Drone  
  16  0:57  Drone  
  17  1:07  Drone  
  17  1:10  Extractor  
  17  1:29  Hatchery  
  16  1:38  Drone x2  
  18  1:45  Queen  
  20  2:03  Zergling x2  
  20  2:04  Zergling x2  
  20  2:05  Overlord  
  22  2:11  Metabolic Boost  
  22  2:24  Zergling x2  
  23  2:35  Zergling x2  
  24  2:43  Zergling x2  
  25  2:50  Zergling x4  
  27  2:58  Zergling x2  
  27  2:59  Zergling x2  
  29  3:05  Zergling x2  
  29  3:07  Queen  
  29  3:12  Zergling x6  
  35  3:13  Zergling x2  
  35  3:17  Overlord  
  36  3:29  Evolution Chamber  
  36  3:33  Zergling x2  
  36  3:35  Overlord  
  36  3:40  Zergling x4  
  38  3:44  Zergling x2  
  31  3:56  Zergling x6  
  31  4:06  Zergling x4  
  31  4:08  Zergling x2  
  32  4:27  Zergling x8  
  36  4:35  Drone  
  37  4:47  Lair  
  37  4:49  Drone  
  38  5:02  Drone x3  
  38  5:06  Drone x2  
  43  5:27  Drone x3  
  46  5:34  Zerg Ground Armor Level 1, Roach Warren  
  45  5:40  Overlord  
  45  5:51  Spire  
  44  6:05  Drone x2, Extractor  
  44  6:06  Drone x3  
  48  6:17  Roach x3  
  54  6:21  Roach  
  56  6:30  Drone  
  56  6:31  Drone  
  58  6:41  Hatchery  
  58  6:46  Queen  
  59  6:49  Overlord  
  59  6:53  Extractor  
  58  6:55  Drone  
  59  7:03  Spore Crawler  
  59  7:05  Spore Crawler  
  57  7:09  Spore Crawler  
  57  7:11  Mutalisk  
  58  7:31  Hydralisk Den  
  58  7:35  Overseer x2  
  57  7:38  Drone  
  57  7:39  Drone x4  
  57  7:43  Drone x4  
  66  7:55  Drone x4  
  70  8:08  Drone  
  70  8:12  Drone x2  
  73  8:16  Overlord x2  
  73  8:21  Zerg Flyer Weapons Level 1  
  73  8:33  Queen  
  75  8:39  Extractor  
  75  8:41  Extractor  
  73  8:42  Drone x2  
  73  8:44  Drone  
  73  8:45  Drone x2  
  73  8:46  Drone  
  73  8:48  Overlord x2  
  79  8:49  Overlord x2  
  79  8:52  Roach  
  59  9:03  Zergling x8  
  59  9:04  Zergling x2  
  63  9:25  Zergling x8  
  57  9:44  Mutalisk x4  
  57  9:45  Mutalisk x2  
  68  10:10  Drone  
  69  10:15  Mutalisk  
  69  10:16  Mutalisk x5  
  81  10:27  Drone  
  82  10:30  Mutalisk  
  82  10:32  Mutalisk  
  86  10:59  Infestation Pit  
  85  11:06  Drone  
  85  11:07  Drone x4  
  85  11:08  Drone  
  85  11:11  Drone x4  
  95  11:26  Drone  
  95  11:28  Grooved Spines  
  95  11:32  Hydralisk  
  96  11:33  Zergling x4  
  96  11:35  Zergling x2  
  101  11:45  Overseer  
  101  11:50  Overseer  
  101  11:55  Swarm Host x3  
  101  11:56  Swarm Host  
  113  12:09  Hive  
  113  12:23  Spine Crawler x2  
  113  12:25  Spine Crawler  
  110  12:35  Drone x2  
  110  12:36  Drone x4  
  116  12:39  Overlord x2  
  116  12:40  Overlord  
  117  12:44  Drone  
  117  12:45  Drone  
  119  13:12  Drone  
  119  13:13  Drone x2  
  121  13:30  Zerg Ground Armor Level 2  
  121  13:32  Ultralisk Cavern  
  120  13:41  Overseer x2  
  120  13:47  Overlord x2  
  120  13:53  Mutalisk, Zergling x2, Hydralisk x2  
  120  13:54  Zergling x2  
  128  14:33  Hatchery  
  128  14:37  Corruptor x2  
  128  14:38  Ultralisk, Corruptor x2  
  131  14:39  Ultralisk, Corruptor  
  131  14:40  Corruptor  
  145  15:20  Corruptor x5  
  145  15:21  Corruptor x2  
  155  15:22  Corruptor  
  161  15:30  Chitinous Plating  
  161  15:41  Overlord x3  
  161  15:42  Overlord  
  157  16:06  Ultralisk x2  
  157  16:10  Drone x2  
  157  16:11  Drone x2  
  172  16:13  Queen  
  175  16:32  Ultralisk  
  181  16:36  Drone  
  181  16:37  Drone x2  
  181  16:38  Drone  
  185  16:43  Spire  
  184  16:49  Spire  
  183  16:59  Drone x3  
  186  17:10  Spore Crawler  
  186  17:12  Spore Crawler  
  184  17:16  Spore Crawler  
  183  17:24  Spine Crawler x2  
  183  17:25  Hatchery  
  180  17:31  Ultralisk  
  186  17:39  Zerg Ground Armor Level 3  
  186  17:48  Drone x2  
  186  17:49  Drone  
  186  17:51  Drone x4  
  193  18:10  Ultralisk  
  196  18:38  Drone x2  
  198  18:43  Spine Crawler  
  198  18:44  Spine Crawler  
  198  18:45  Spine Crawler x2  
  198  18:47  Spine Crawler  
  158  19:07  Corruptor x3  
  170  19:10  Ultralisk x2  
  157  19:25  Ultralisk x3  
  157  19:26  Corruptor  
  157  19:30  Hydralisk  
  153  19:39  Corruptor  
  153  19:40  Corruptor  
  153  19:41  Corruptor  
  153  19:45  Drone x2  
  161  19:47  Drone  
  161  19:48  Drone  
  161  19:50  Drone  
  164  20:11  Corruptor x2  
  164  20:12  Corruptor x3  
  169  20:29  Corruptor x2, Overlord  
  169  20:30  Corruptor  
  169  20:34  Corruptor  
  169  20:35  Corruptor  
  179  20:39  Corruptor  
  177  20:42  Corruptor  
  179  20:54  Drone x3  
  179  20:55  Drone x4  
  186  20:57  Extractor  
  186  20:58  Extractor  
  186  21:00  Drone, Extractor  
  186  21:01  Drone  
  186  21:02  Extractor  
  184  21:15  Corruptor x3  
  184  21:16  Corruptor  
  192  21:26  Corruptor  
  192  21:27  Corruptor  
  192  21:29  Corruptor  
Show
View Real Time Build Order
Export as new Build Order

SAAGAFI Terran 

Build Orders:  

Get SALT Encoding   

  12  0:32  SCV  
  13  0:44  SCV, Supply Depot  
  14  0:56  Refinery  
  14  0:57  SCV  
  14  0:59  Refinery  
  15  1:14  Barracks  
  15  1:16  SCV  
  16  1:28  SCV  
  17  1:57  Command Center  
  17  2:12  Factory  
  17  2:17  Supply Depot  
  17  2:19  Marine  
  18  2:58  Widow Mine  
  19  3:00  Marine  
  20  3:06  Orbital Command  
  20  3:17  Bunker  
  20  3:24  Widow Mine  
  22  3:31  Marine  
  23  3:37  Factory  
  23  3:49  Marine, Widow Mine  
  24  4:10  Marine  
  24  4:14  Widow Mine  
  27  4:19  SCV  
  28  4:32  Widow Mine  
  28  4:33  Bunker  
  30  4:48  Supply Depot  
  30  5:04  Widow Mine x2  
  34  5:13  Command Center  
  34  5:17  SCV  
  34  5:18  Factory  
  35  5:29  SCV, Factory Tech Lab  
  36  5:36  Widow Mine  
  36  5:41  SCV  
  39  5:53  SCV  
  39  5:56  Armory  
  40  5:58  Widow Mine  
  40  5:59  Widow Mine  
  44  6:05  SCV  
  44  6:06  Factory Reactor  
  45  6:19  Widow Mine  
  45  6:24  Widow Mine  
  49  6:41  Widow Mine  
  49  6:43  Drilling Claws  
  49  6:46  Widow Mine  
  53  6:51  SCV  
  54  7:02  Widow Mine  
  54  7:03  SCV  
  54  7:05  Widow Mine x2  
  61  7:13  Supply Depot  
  62  7:15  SCV  
  62  7:17  Widow Mine  
  64  7:23  Widow Mine  
  64  7:26  Widow Mine x2  
  64  7:27  SCV  
  71  7:38  Widow Mine  
  71  7:39  SCV  
  74  7:45  Widow Mine  
  74  7:46  Refinery  
  74  7:47  Refinery  
  74  7:49  Starport  
  76  8:14  Widow Mine x4  
  84  8:35  Widow Mine  
  86  8:50  Widow Mine  
  49  9:49  Factory Reactor  
  49  9:54  Orbital Command  
  49  10:01  Starport Tech Lab  
  49  10:09  Fusion Core  
  49  10:15  Starport  
  49  10:18  Starport  
  49  10:19  Starport  
  49  10:27  SCV  
  49  10:28  Command Center  
  50  10:39  SCV  
  51  10:51  SCV  
  51  10:52  Starport Tech Lab  
  52  11:00  Starport x2  
  52  11:03  SCV  
  53  11:07  Battlecruiser  
  53  11:10  Weapon Refit  
  59  11:15  SCV  
  60  11:44  Starport Tech Lab  
  60  11:55  Starport Tech Lab, Command Center  
  60  11:59  Engineering Bay  
  60  12:12  Battlecruiser  
  66  12:29  Battlecruiser  
  72  12:30  Battlecruiser  
  78  12:45  Refinery  
  78  12:46  Refinery  
  78  12:58  Planetary Fortress  
  78  13:05  Missile Turret  
  78  13:13  Factory Reactor  
  78  13:17  Factory Reactor  
  78  13:22  Orbital Command  
  78  13:24  Factory Tech Lab  
  78  13:25  SCV  
  78  13:26  SCV, Missile Turret  
  80  13:47  Widow Mine, Missile Turret  
  82  13:58  Missile Turret  
  82  14:08  Widow Mine  
  82  14:09  Missile Turret  
  84  14:14  Armory  
  84  14:18  Armory  
  84  14:30  Widow Mine  
  84  14:51  Raven x2, Widow Mine  
  90  14:53  Battlecruiser  
  96  15:06  SCV x3  
  96  15:07  SCV  
  100  15:13  Widow Mine  
  102  15:25  Raven  
  98  16:34  Missile Turret  
  98  16:36  Missile Turret  
  98  16:38  Missile Turret  
  98  16:39  Battlecruiser  
  104  16:40  Missile Turret  
  104  16:43  Terran Vehicle And Ship Armor Level 1  
  104  16:44  Terran Vehicle Weapons Level 1  
  104  16:48  Orbital Command  
  104  17:03  SCV  
  104  17:04  SCV x2  
  107  17:16  SCV x3  
  110  17:28  SCV x3  
  113  18:04  Supply Depot  
  113  18:05  Supply Depot  
  113  18:07  Supply Depot  
  113  18:08  Supply Depot  
  113  18:18  Refinery  
  113  18:19  Refinery  
  113  18:25  Battlecruiser  
  97  19:04  Hellion  
  97  19:05  Hellion x4  
  97  19:08  Banshee x2  
  97  19:09  Banshee  
  112  19:26  Hellion x4  
  112  19:27  Hellion  
  112  19:29  Banshee  
  103  19:47  Hellion x2  
  103  19:48  Hellion x3  
  103  19:51  Banshee x3  
  122  20:12  Banshee  
  125  20:34  Banshee  
  122  20:39  Viking x2  
  102  20:55  Viking  
  104  21:09  Viking x2  
  108  21:16  Cloaking Field  
  108  21:17  Viking  
  110  21:25  Viking  
  112  21:38  Viking  
  112  21:39  Viking  
  116  21:47  Viking  
  116  21:50  Orbital Command  
  118  21:55  Viking  
  120  22:08  Armory, Viking  
  120  22:09  Viking  
Tags
 
Add a new tag
Caveats
  • Supply blocks, unpowered buildings, or Contaminate may cause inaccurate times.
  • Supply counts are checked every 10 seconds.